 Dungeon Crawl Stone Soup version 0.31.0-9-g3a7656b989 (webtiles) character file.

Game seed: 16237089654106413783

299 qw the Skirmisher (level 6, -15/35 HPs)
             Began as a Deep Elf Hunter on Feb 2, 2024.
             Was an Initiate of Okawaru.
             Demolished by an ogre
             ... wielding a +0 giant spiked club
              (30 damage)
             ... on level 4 of the Dungeon.
             The game lasted 00:00:11 (3307 turns).

qw the Skirmisher (Deep Elf Hunter)                 Turns: 3307, Time: 00:00:12

Health: -15/35     AC:  6    Str: 10    XL:     6   Next: 13%
Magic:  8/8        EV: 11    Int: 14    God:    Okawaru [......]
Gold:   182        SH:  0    Dex: 18    Spells: 5/5 levels left

rFire   . . .        a - +0 shortbow
rCold   . . .        (shield currently unavailable)
rNeg    . . .        d - +1 ring mail
rPois   .            (no helmet)
rElec   .            (no cloak)
rCorr   .            (no gloves)
SInv    .            (no boots)
Will    .....        (no amulet)
Stlth   +            (no ring)
HPRegen 0.25/turn    (no ring)
MPRegen 0.11/turn

%: no passive effects
@: no status effects
A: no striking features
a: Renounce Religion


You were on level 4 of the Dungeon.
You worshipped Okawaru.
Okawaru was noncommittal.
You visited 2 branches of the dungeon, and saw 5 of its levels.

You collected 182 gold pieces.


   Skills:
 - Level 2.1 Fighting
 + Level 9.5 Ranged Weapons
 - Level 2.4 Dodging
 - Level 1.2 Stealth


You had 5 spell levels left.
You didn't know any spells.
Your spell library was empty.

Inventory:

Hand Weapons
 a - a +0 shortbow (weapon)
Armour
 d - a +1 ring mail (worn)
Jewellery
 i - a +4 ring of protection
Scrolls
 h - 2 scrolls of teleportation {unknown}
 j - a scroll of enchant weapon {unknown}
Potions
 b - a potion of brilliance {unknown}
 c - a potion of magic {unknown}
 e - a potion of might
 f - 2 potions of curing {unknown}
 g - a potion of ambrosia {unknown}

Dungeon Overview and Level Annotations

Branches:
Dungeon (4/15)             Temple (1/1) D:4

Altars:
Ashenzari
Elyvilon
Kikubaaqudgha
Makhleb
Nemelex Xobeh
Okawaru
Qazlal
Ru
Trog
Uskayaw
Vehumet
Xom
The Shining One


Message History

Enter note:
f - 2 clear potions (gained 1)
b - a blue potion
Found a book of Minor Magic.
You see here a book of Minor Magic.
You see here 3 stones.
Found a stone staircase leading down.
Found a scroll of immolation.
You open the door.
There is an open door here.
You now have 182 gold pieces (gained 8).
j - a scroll labelled NIRIUSTR EHOLO
Enter note:
Enter note: An ogre comes into view. It is wielding a +0 giant spiked club.
The ogre shouts!
You shoot an arrow. The arrow barely misses the ogre.
You shoot an arrow. The arrow hits the ogre.
The ogre is lightly wounded.
You shoot an arrow. The arrow barely misses the ogre.
You shoot an arrow. The arrow hits the ogre.
The ogre is lightly wounded.
The ogre closely misses you.
You shoot an arrow. The arrow hits the ogre!
The ogre is moderately wounded.
You shoot an arrow. The arrow barely misses the ogre.
The ogre hits you with a +0 giant spiked club!!
Ouch! That really hurt!
You shoot an arrow.
The arrow hits the ogre but does no damage.
The ogre is moderately wounded.
The ogre barely misses you.
You shoot an arrow.
The arrow hits the ogre but does no damage.
The ogre is moderately wounded.
You shoot an arrow. The arrow hits the ogre.
The ogre is heavily wounded.
The ogre hits you with a +0 giant spiked club!!
Ouch! That really hurt!
You die...

######.#.#.........#....#<..#....
#.#.#########.#######..#....
#.#.# ............... #.#.#
#################..... #.#.#
#....?.....# #..... #.#.#
#..........# ##..## #.#.#
#..........########(.. #.#.#
#.................(###
#.#.######O@..#..........###
#####...........................
##..........###....#..........###
............# #....# .........###
##..........# #....# ....[...#..
#..........# #....# .>......#..
#..........# #....# #########..
#..........# #....# #######..
#..........# #....# #........


You could see an ogre.

Vanquished Creatures
  A phantom (D:4)
  A gnoll bouda (D:4)
  Jessica (D:3)
  4 gnolls (D:4)
  5 adders
  3 ribbon worms
  5 dart slugs
  2 orcs
  5 ball pythons
  6 endoplasms
  2 giant cockroaches
  7 hobgoblins
  2 quokkas
  6 bats
  6 frilled lizards
  6 goblins
  8 kobolds
  4 rats
74 creatures vanquished.

Notes
Turn   | Place    | Note
-------+----------+-------------------------------------------
     0 | D:1      | qw the Deep Elf Hunter began the quest for the Orb.
     0 | D:1      | Reached XP level 1. HP: 12/12 MP: 3/3
     0 | D:1      | 0 ||| qw: Version: 0.3-a-155-g5e7d8dd
     0 | D:1      | 0 ||| qw: Game counter: 889
     0 | D:1      | 0 ||| qw: Melee chars always use a shield: true
     0 | D:1      | 0 ||| qw: God list: Okawaru
     0 | D:1      | 0 ||| qw: Allow faded altars: false
     0 | D:1      | 0 ||| qw: Do Orc after clearing Dungeon:15 true
     0 | D:1      | 0 ||| qw: Do second Lair branch before Depths: true
     0 | D:1      | 0 ||| qw: Lair rune preference: random
     0 | D:1      | 0 ||| qw: Goals: Normal
     0 | D:1      | 0 ||| PLANNING D:1-11
   116 | D:1      | Reached skill level 6 in Ranged Weapons
   116 | D:1      | Reached XP level 2. HP: 12/16 MP: 4/4
   413 | D:1      | Reached XP level 3. HP: 20/20 MP: 5/5
   636 | D:1      | 636 ||| READING 2 scrolls labelled ADEIBI ATTESOGO.
   636 | D:1      | 636 ||| IDENTIFYING silvery potion
   637 | D:1      | 637 ||| READING scroll of identify.
   637 | D:1      | 637 ||| IDENTIFYING fuming green potion
   638 | D:1      | 638 ||| DRINKING 2 bubbling silvery potions.
   680 | D:1      | 680 ||| DROPPING scroll of butterflies.
   681 | D:1      | 681 ||| DROPPING potion of lignification.
   682 | D:1      | 682 ||| DROPPING potion of berserk rage.
   764 | D:2      | HP: 5/20 [ribbon worm (6)]
   767 | D:2      | HP: 1/20 [ribbon worm (5)]
   769 | D:2      | Reached skill level 7 in Ranged Weapons
   851 | D:2      | Found a faded altar of an unknown god.
  1217 | D:2      | Reached XP level 4. HP: 25/25 MP: 6/6
  1217 | D:2      | Found a hide-covered altar of Uskayaw.
  1656 | D:2      | 1656 ||| UPGRADING to +0 ring mail.
  1666 | D:2      | 1666 ||| DROPPING +0 leather armour.
  1667 | D:2      | 1667 ||| READING scroll of identify.
  1667 | D:2      | 1667 ||| IDENTIFYING lumpy green potion
  1668 | D:2      | 1668 ||| DROPPING potion of attraction.
  1801 | D:3      | Noticed Jessica
  1806 | D:3      | Killed Jessica
  1807 | D:3      | Reached skill level 8 in Ranged Weapons
  1967 | D:3      | Identified the blade talisman of Going Fast {rF- rN+ Will+
                  | Str+3}
  2519 | D:3      | 2519 ||| READING 2 scrolls labelled FEAKUETAOFO.
  2520 | D:3      | 2520 ||| READING scroll labelled GANKASKAPNI.
  2520 | D:3      | 2520 ||| ENCHANTING +0 ring mail.
  2521 | D:3      | 2521 ||| DRINKING 2 bubbling pink potions.
  2522 | D:3      | 2522 ||| DROPPING scroll of immolation.
  2590 | D:4      | Reached XP level 5. HP: 21/29 MP: 7/7
  2723 | D:4      | Found a staircase to the Ecumenical Temple.
  2724 | D:4      | 2724 ||| PLANNING TEMPLE
  2733 | Temple   | Entered the Ecumenical Temple
  2734 | Temple   | 2734 ||| PLANNING OKAWARU WORSHIP
  2748 | Temple   | Became a worshipper of Warmaster Okawaru
  2749 | Temple   | 2749 ||| PLANNING D:1-11
  2856 | D:4      | Noticed a phantom
  2867 | D:4      | Killed a phantom
  2868 | D:4      | Reached skill level 9 in Ranged Weapons
  2991 | D:4      | Reached XP level 6. HP: 13/35 MP: 8/8
  3002 | D:4      | HP: 7/35 [gnoll/+0 flail[a gnoll bouda] (2)]
  3003 | D:4      | 3003 ||| DRINKING potion of heal wounds.
  3307 | D:4      | Demolished by an ogre

Levels and vault maps discovered:
D:1:      matt_arrival_spirals, layout_basic, kennysheep_boxes
D:2:      layout_loops_ring, shapermc_ecumenical_altar_totnotflames, basic_altar
D:3:      layout_basic, amcnicky_mini_rare_corridor_liquid, uniq_jessica
D:4:      layout_basic, slow_altar_2, minmay_temple_entry_glass,
          serial_bayou_lagoon_a
Temple:   nicolae_temple_god_jail

Skill      XL: |  1  2  3  4  5 |
---------------+----------------+-----
Ranged Weapons | 6 7 8 9 |  9.5
Fighting       | 2 |  2.1
Dodging        | |  2.4
Stealth        | |  1.2

Action                     |  1- 3 |  4- 6 || total
---------------------------+-------+-------++-------
   Fire: Shortbow          |   123 |   157 ||   280
    Use: Scroll            |     2 |     3 ||     5
         Potion            |     1 |     2 ||     3
 Armour: Leather armour    |    21 |     1 ||    22
         Ring mail         |       |    48 ||    48
  Dodge: Dodged            |    16 |    45 ||    61

Table legend:
 A = Non-vault XP
 B = Vault XP
 C = Vault XP percentage of total XP
 D = Non-vault monster count
 E = Vault monster count
 F = Vault count percentage of total count
                 A         B        C        D         E       F
            +---------+---------+-------+---------+---------+-------
      Total |     391 |      37 |   8.6 |      73 |       1 |   1.4
            +---------+---------+-------+---------+---------+-------
        D:1 |      53 |       0 |   0.0 |      28 |       0 |   0.0
        D:2 |      71 |       0 |   0.0 |      18 |       0 |   0.0
        D:3 |      25 |      37 |  59.7 |      12 |       1 |   7.7
        D:4 |     242 |       0 |   0.0 |      15 |       0 |   0.0
            +---------+---------+-------+---------+---------+-------
